General information
- name: BNet
- type: Ladder team game (AT/RT)
- host: Battle.net
- saver: IM_BAD_AT_THIS
map: Deadlock
- players: 8
- length: 22:25
- speed: Fast
- version: 1.24 W3XP
- replay type: Public
» download(130 KB)
Players
team 1 (winner)
Linara (
teal | 31 APM | 698 actions | 22:24)
4 Paladin
2 Holy Light
2 Divine Shield
1 Blood Mage
1 Flame Strike
» actions
| Basic commands | 9 | |
| Build / train | 53 | |
| Enter build submenu | 27 | |
| Enter hero's abilities submenu | 5 | |
| Right click | 369 | |
| Select / deselect | 200 | |
| Use ability | 35 | |
698 total
» units
| Peasant | 8 | |
| Footman | 4 | |
| Rifleman | 10 | |
| Spell Breaker | 4 | |
| Siege Engine | 3 | |
| Mortar Team | 2 | |
31 total
» upgrades
| Gunpowder | 2 | |
| Armor | 1 | |
| Long Rifles | 1 | |
| Sorceress Training | 2 | |
| Priest Training | 1 | |
| Lumber Harvesting | 1 | |
| Swords | 1 | |
| Plating | 1 | |
| Barrage | 1 | |
11 total
» buildings
| Altar of Kings | 1 | |
| Barracks | 1 | |
| Farm | 13 | |
| Lumber Mill | 1 | |
| Blacksmith | 1 | |
| Arcane Vault | 1 | |
| Scout Tower | 2 | |
| Keep | 1 | |
| Guard Tower | 2 | |
| Castle | 1 | |
| Arcane Sanctum | 1 | |
| Workshop | 2 | |
27 total
» build order
00:06 Altar of Kings
00:10 Barracks
00:15 Farm
01:17 Lumber Mill
01:44 Farm
02:26 Blacksmith
03:15 Farm
03:47 Farm
04:04 Farm
04:36 Farm
04:58 Arcane Vault
06:03 Farm
06:24 Farm
07:14 Scout Tower
07:26 Keep
07:54 Guard Tower
08:54 Scout Tower
10:30 Guard Tower
10:36 Castle
10:40 Arcane Sanctum
12:22 Farm
12:28 Farm
15:36 Farm
15:42 Farm
17:04 Workshop
17:43 Workshop
19:36 Farm
Getsuga (
green | 29 APM | 643 actions | 22:24)
3 Dreadlord
1 Vampiric Aura
2 Carrion Swarm
» actions
| Assign group hotkey | 5 | |
| Basic commands | 46 | |
| Build / train | 44 | |
| Enter build submenu | 9 | |
| Enter hero's abilities submenu | 4 | |
| Right click | 267 | |
| Select / deselect | 173 | |
| Select group hotkey | 69 | |
| Use ability | 26 | |
643 total
» units
| Acolyte | 11 | |
| Ghoul | 13 | |
| Gargoyle | 12 | |
36 total
» upgrades
» buildings
| Altar of Darkness | 1 | |
| Ziggurat | 3 | |
| Crypt | 2 | |
| Graveyard | 1 | |
| Tomb of Relics | 1 | |
| Spirit Tower | 2 | |
| Halls of the Dead | 1 | |
| Slaughterhouse | 1 | |
12 total
» build order
00:08 Altar of Darkness
00:11 Ziggurat
00:35 Crypt
01:07 Ziggurat
04:18 Crypt
04:21 Graveyard
04:28 Ziggurat
04:55 Tomb of Relics
06:02 Spirit Tower
06:36 Halls of the Dead
09:22 Slaughterhouse
10:28 Spirit Tower
IM_BAD_AT_THIS (
orange | 47 APM | 1045 actions | 22:25)
5 Goblin Alchemist
3 Acid Bomb
2 Chemical Rage
4 Shadow Hunter
2 Hex
2 Healing Wave
2 Pit Lord
1 Rain of Fire
1 Howl of Terror
» actions
| Assign group hotkey | 111 | |
| Basic commands | 72 | |
| Build / train | 47 | |
| Enter build submenu | 19 | |
| Enter hero's abilities submenu | 11 | |
| Right click | 335 | |
| Select / deselect | 227 | |
| Select group hotkey | 183 | |
| Use ability | 40 | |
1045 total
» units
| Peon | 8 | |
| Grunt | 3 | |
| Centaur Outrunner | 1 | |
| Harpy Rogue | 1 | |
| Wind Rider | 5 | |
18 total
» upgrades
| Armor | 3 | |
| Ranged Weapons | 3 | |
| Witch Doctor Training | 1 | |
| Envenomed Spears | 1 | |
| Reinforced Defenses | 1 | |
9 total
» buildings
| Altar of Storms | 1 | |
| Barracks | 1 | |
| Orc Burrow | 4 | |
| Voodoo Lounge | 1 | |
| War Mill | 1 | |
| Stronghold | 1 | |
| Watch Tower | 2 | |
| Beastiary | 3 | |
| Spirit Lodge | 1 | |
| Fortress | 1 | |
16 total
» build order
00:09 Altar of Storms
00:13 Barracks
00:25 Orc Burrow
02:08 Voodoo Lounge
02:26 Orc Burrow
03:16 War Mill
03:21 Orc Burrow
05:21 Orc Burrow
05:24 Stronghold
07:12 Watch Tower
07:14 Watch Tower
08:23 Beastiary
08:26 Beastiary
08:29 Beastiary
09:30 Spirit Lodge
10:14 Fortress
» items
| Healing Salve | 1 | |
| Potion of Healing | 2 | |
| Potion of Mana | 1 | |
4 total
learnlngtoplay (
yellow | 96 APM | 2147 actions | 22:24)
5 Blademaster
3 Wind Walk
2 Critical Strike
5 Tauren Chieftain
2 War Stomp
3 Endurance Aura
3 Shadow Hunter
2 Healing Wave
1 Hex
» actions
| Assign group hotkey | 87 | |
| Basic commands | 31 | |
| Build / train | 65 | |
| Enter build submenu | 23 | |
| Enter hero's abilities submenu | 13 | |
| Right click | 929 | |
| Select / deselect | 461 | |
| Select group hotkey | 463 | |
| Use ability | 75 | |
2147 total
» units
| Peon | 13 | |
| Wind Rider | 11 | |
| Shaman | 7 | |
| Razormane Medicine Man | 1 | |
32 total
» upgrades
| Ranged Weapons | 3 | |
| Shaman Training | 2 | |
| Spiked Barricades | 2 | |
| Armor | 2 | |
| Melee Weapons | 1 | |
10 total
» buildings
| Altar of Storms | 1 | |
| Orc Burrow | 9 | |
| Voodoo Lounge | 1 | |
| Stronghold | 1 | |
| War Mill | 1 | |
| Beastiary | 2 | |
| Spirit Lodge | 2 | |
| Fortress | 1 | |
| Great Hall | 1 | |
| Watch Tower | 5 | |
24 total
» build order
00:13 Altar of Storms
00:21 Orc Burrow
01:13 Voodoo Lounge
02:23 Stronghold
02:42 Orc Burrow
03:09 War Mill
03:41 Orc Burrow
05:04 Beastiary
05:08 Beastiary
05:30 Orc Burrow
06:21 Spirit Lodge
06:40 Fortress
06:50 Spirit Lodge
07:40 Great Hall
08:15 Orc Burrow
13:25 Watch Tower
13:28 Watch Tower
13:31 Watch Tower
14:05 Watch Tower
14:33 Watch Tower
15:22 Orc Burrow
16:21 Orc Burrow
17:55 Orc Burrow
17:57 Orc Burrow
» items
| Healing Salve | 3 | |
| Lesser Clarity Potion | 1 | |
4 total
team 2 (loser)
itspamtime (
purple | 40 APM | 534 actions | 13:26)
1 Warden
1 Fan of Knives
» actions
| Assign group hotkey | 2 | |
| Basic commands | 5 | |
| Build / train | 33 | |
| Enter build submenu | 11 | |
| Enter hero's abilities submenu | 1 | |
| Right click | 312 | |
| Select / deselect | 139 | |
| Select group hotkey | 3 | |
| Use ability | 28 | |
534 total
» units
» buildings
| Altar of Elders | 1 | |
| Moon Well | 6 | |
| Ancient of War | 2 | |
| Tree of Ages | 1 | |
| Hunter's Hall | 1 | |
| Ancient of Wind | 1 | |
12 total
» build order
00:44 Altar of Elders
00:46 Moon Well
01:14 Ancient of War
01:56 Moon Well
02:25 Moon Well
02:35 Moon Well
02:59 Ancient of War
03:24 Moon Well
04:32 Moon Well
07:05 Tree of Ages
09:06 Hunter's Hall
10:59 Ancient of Wind
dreadmainlin (
red | 21 APM | 310 actions | 14:50)
1 Dreadlord
1 Carrion Swarm
» actions
| Basic commands | 6 | |
| Build / train | 32 | |
| Enter build submenu | 15 | |
| Enter hero's abilities submenu | 1 | |
| Remove unit from queue | 2 | |
| Right click | 130 | |
| Select / deselect | 102 | |
| Use ability | 22 | |
310 total
» units
| Acolyte | 3 | |
| Ghoul | 5 | |
| Gargoyle | 6 | |
| Frost Wyrm | 4 | |
18 total
» upgrades
| Creature Carapace | 3 | |
| Creature Attack | 2 | |
| Stone Form | 1 | |
6 total
» buildings
| Ziggurat | 6 | |
| Crypt | 5 | |
| Graveyard | 1 | |
| Altar of Darkness | 1 | |
| Halls of the Dead | 3 | |
| Black Citadel | 1 | |
| Sacrificial Pit | 1 | |
| Boneyard | 4 | |
22 total
» build order
00:54 Ziggurat
00:56 Ziggurat
00:59 Crypt
01:05 Crypt
01:30 Graveyard
01:42 Altar of Darkness
03:21 Halls of the Dead
03:21 Halls of the Dead
03:21 Halls of the Dead
05:43 Black Citadel
06:00 Crypt
06:07 Ziggurat
06:08 Ziggurat
06:09 Ziggurat
06:10 Ziggurat
06:12 Crypt
06:12 Crypt
09:14 Sacrificial Pit
10:49 Boneyard
10:50 Boneyard
10:52 Boneyard
10:54 Boneyard
Adeste_Razz (
blue | 40 APM | 905 actions | 22:23)
5 Blademaster
2 Wind Walk
3 Critical Strike
2 Dreadlord
1 Vampiric Aura
1 Carrion Swarm
» actions
| Basic commands | 6 | |
| Build / train | 73 | |
| Enter build submenu | 25 | |
| Enter hero's abilities submenu | 6 | |
| Remove unit from queue | 6 | |
| Right click | 353 | |
| Select / deselect | 347 | |
| Use ability | 89 | |
905 total
» units
| Peon | 11 | |
| Troll Headhunter/Berserker | 7 | |
| Troll Batrider | 13 | |
| Frost Wyrm | 1 | |
32 total
» upgrades
| Spiked Barricades | 3 | |
| Ranged Weapons | 3 | |
| Armor | 2 | |
| Troll Regeneration | 1 | |
| Liquid Fire | 1 | |
10 total
» buildings
| Orc Burrow | 6 | |
| Altar of Storms | 1 | |
| Voodoo Lounge | 1 | |
| War Mill | 1 | |
| Stronghold | 1 | |
| Barracks | 1 | |
| Beastiary | 3 | |
| Fortress | 1 | |
| Great Hall | 1 | |
| Scout Tower | 9 | |
| Lumber Mill | 1 | |
| Guard Tower | 4 | |
| Arcane Tower | 2 | |
32 total
» build order
00:09 Orc Burrow
00:12 Altar of Storms
00:25 Voodoo Lounge
01:56 War Mill
03:40 Stronghold
03:44 Orc Burrow
03:49 Barracks
06:12 Beastiary
06:20 Beastiary
06:32 Beastiary
07:29 Fortress
09:09 Orc Burrow
10:12 Orc Burrow
11:28 Great Hall
16:33 Scout Tower
16:35 Scout Tower
16:37 Scout Tower
16:39 Scout Tower
17:06 Lumber Mill
17:40 Guard Tower
17:42 Scout Tower
17:46 Scout Tower
17:49 Scout Tower
17:52 Scout Tower
18:14 Arcane Tower
18:16 Scout Tower
18:27 Arcane Tower
18:30 Guard Tower
18:32 Guard Tower
18:48 Guard Tower
19:38 Orc Burrow
19:39 Orc Burrow
» items
| Healing Salve | 1 | |
| Lesser Clarity Potion | 4 | |
| Scroll of Speed | 2 | |
| Potion of Mana | 1 | |
8 total

»
koreangrocer (
pink | 52 APM | 775 actions | 14:56)
3 Archmage
2 Summon Water Elemental
1 Brilliance Aura
1 Paladin
1 Divine Shield
» actions
| Assign group hotkey | 23 | |
| Basic commands | 75 | |
| Build / train | 68 | |
| Enter build submenu | 29 | |
| Enter hero's abilities submenu | 4 | |
| Right click | 293 | |
| Select / deselect | 204 | |
| Select group hotkey | 33 | |
| Use ability | 46 | |
775 total
» units
| Peasant | 14 | |
| Rifleman | 14 | |
| Sorceress | 4 | |
| Priest | 6 | |
| Knight | 5 | |
43 total
» upgrades
| Gunpowder | 1 | |
| Armor | 1 | |
| Masonry | 1 | |
| Long Rifles | 1 | |
| Sorceress Training | 1 | |
| Plating | 1 | |
| Priest Training | 2 | |
| Swords | 1 | |
9 total
» buildings
| Farm | 8 | |
| Blacksmith | 1 | |
| Barracks | 2 | |
| Altar of Kings | 1 | |
| Lumber Mill | 1 | |
| Town Hall | 1 | |
| Arcane Vault | 1 | |
| Keep | 2 | |
| Scout Tower | 7 | |
| Guard Tower | 6 | |
| Arcane Sanctum | 2 | |
| Castle | 1 | |
33 total
» build order
00:51 Farm
01:09 Blacksmith
01:21 Barracks
01:29 Farm
01:36 Altar of Kings
01:52 Lumber Mill
02:11 Farm
02:48 Farm
04:01 Farm
04:50 Farm
05:38 Town Hall
05:43 Farm
06:23 Arcane Vault
06:42 Keep
06:42 Keep
07:39 Farm
07:55 Scout Tower
07:56 Scout Tower
08:21 Scout Tower
08:37 Barracks
08:43 Guard Tower
08:44 Guard Tower
08:46 Scout Tower
08:49 Scout Tower
08:50 Scout Tower
09:44 Guard Tower
09:46 Guard Tower
09:51 Arcane Sanctum
09:53 Arcane Sanctum
10:44 Castle
10:53 Guard Tower
10:55 Guard Tower
11:04 Scout Tower
» items
Chat log
(00:15 / Allies) IM_BAD_AT_THIS: wyvs
(00:22 / Allies) Getsuga: abons
(00:33 / Allies) learnlngtoplay: getting super aa
(00:42 / Allies) learnlngtoplay: it's BATS
(00:51 / Allies) IM_BAD_AT_THIS: gonna add a couple docs too.
(01:47 / Allies) Getsuga: peanut butter jelly time
(02:38 / Allies) IM_BAD_AT_THIS: I harass with you yellow
(02:41 / Allies) IM_BAD_AT_THIS: If you are indeed harassing.
(03:56 / All) Getsuga: hate bm wind walk
(04:06 / Allies) IM_BAD_AT_THIS: so make a cold tower or use dust?
(04:33 / Allies) IM_BAD_AT_THIS: gonna grab salve first
(04:40 / Allies) IM_BAD_AT_THIS: teal rally your units to your hero
(04:49 / Allies) IM_BAD_AT_THIS: also, build a shop
(05:08 / All) Getsuga: Really
(05:12 / All) Getsuga: stop it bitch
(05:14 / Allies) IM_BAD_AT_THIS: What's your take on him, yellow?
(05:38 / Allies) IM_BAD_AT_THIS: guess you could always not listen to me
(05:39 / Allies) learnlngtoplay: orange
(05:42 / Allies) IM_BAD_AT_THIS: tha'ts always an effective bm couner
(05:43 / Allies) learnlngtoplay: purple has too much units
(05:45 / Allies) learnlngtoplay: u'd better run
(05:47 / Allies) IM_BAD_AT_THIS: k
(07:49 / All) Getsuga: wow
(07:50 / Allies) IM_BAD_AT_THIS: methinks they are rushing
(07:50 / All) Getsuga: blue
(07:53 / All) Getsuga: why me
(08:00 / All) IM_BAD_AT_THIS: because you don't listen to me lol1
(08:25 / Allies) Getsuga: why the fuck me only
(08:38 / Allies) IM_BAD_AT_THIS: because he knows you're weak and do not understand how to counter it
(08:46 / Allies) Getsuga: how can you
(08:50 / Allies) Getsuga: its fucking wind walk
(08:52 / Allies) Getsuga: dumbass
(08:56 / Allies) IM_BAD_AT_THIS: i explained how to counter it
(08:57 / Allies) Getsuga: you cant counter that
(08:58 / Allies) IM_BAD_AT_THIS: but you refused to listen to me
(09:27 / Allies) Getsuga: how you counter huh
(09:35 / Allies) IM_BAD_AT_THIS: read what i said in the chat log
(09:37 / Allies) IM_BAD_AT_THIS: i'm not repeating it
(10:22 / Allies) IM_BAD_AT_THIS: they rushed as i said they would
(10:36 / All) Getsuga: omfg
(10:53 / Allies) IM_BAD_AT_THIS: nice one guys
(10:57 / Allies) IM_BAD_AT_THIS: COUNTER THIS SHIT
(11:13 / Allies) IM_BAD_AT_THIS: TEAL
(11:14 / Allies) IM_BAD_AT_THIS: you coming?
(11:40 / All) Getsuga: why you picking on me bastard
(11:48 / Allies) IM_BAD_AT_THIS: because you're a whining little bitch
(11:55 / Allies) Getsuga: no im not
(11:57 / Allies) Getsuga: so fuck you
(11:59 / Allies) IM_BAD_AT_THIS: read the chat log
(11:59 / Allies) IM_BAD_AT_THIS: yes you
(12:00 / Allies) IM_BAD_AT_THIS: are
(12:04 / Allies) Getsuga: no im not
(12:07 / Allies) Getsuga: you asshole
(12:17 / Allies) IM_BAD_AT_THIS: look in the chat log, all the messages from you are whining about blademaster
(12:21 / Allies) Getsuga: how do you counter an attack when being attacked
(12:23 / Allies) Getsuga: dumbass
(12:24 / Allies) Getsuga: stfu
(12:31 / Allies) IM_BAD_AT_THIS: was not telling you to counter with us
(12:37 / Allies) IM_BAD_AT_THIS: just the useful allies to counter
(13:31 / All) IM_BAD_AT_THIS: can't believe we won this 3v4
(13:50 / Allies) Getsuga: well idc
(13:55 / Allies) Getsuga: im being harrassed
(13:58 / Allies) Getsuga: non stop
(14:02 / Allies) IM_BAD_AT_THIS: not my problem
(14:15 / Allies) Getsuga: you never helped me
(14:23 / Allies) IM_BAD_AT_THIS: thats beacuse you suck lol
(14:28 / Allies) Getsuga: no
(14:29 / Allies) Getsuga: you suck
(14:34 / Allies) IM_BAD_AT_THIS: lol
(14:37 / Allies) Getsuga: if you were in my position
(14:38 / Allies) IM_BAD_AT_THIS: from the guy who doesn't know how to beat wind walk
(14:42 / Allies) Getsuga: you couldnt do shit
(14:43 / Allies) Getsuga: either
(14:45 / Allies) Getsuga: so stfu
(14:49 / Allies) IM_BAD_AT_THIS: actually i would have done what i told you to do
(14:49 / Allies) Getsuga: YOU CANT
(14:52 / Allies) Getsuga: DUMBASS
(14:53 / Allies) IM_BAD_AT_THIS: and then i wouldn't be harassed
(15:11 / Allies) IM_BAD_AT_THIS: i told you how to beat the harass but you didn't listen, not my fault you suck at the game
(15:12 / Allies) Getsuga: you never said how to counter it
(15:18 / Allies) Getsuga: i suck
(15:20 / Allies) Getsuga: you suck
(15:20 / Allies) IM_BAD_AT_THIS: actually i did, look in the chat log
(15:24 / Allies) Getsuga: you never said shit
(15:25 / All) Getsuga: I DID
(15:28 / All) Getsuga: I SAYS NOTHING
(15:35 / All) Getsuga: you are a retard
(15:40 / Allies) IM_BAD_AT_THIS: after you say "hate bm wind walk"
(15:44 / Allies) IM_BAD_AT_THIS: look at what i say
(15:49 / Allies) IM_BAD_AT_THIS: it's near the top
(15:57 / Allies) Getsuga: wtf is dust
(16:01 / Allies) IM_BAD_AT_THIS: rofl
(16:03 / Allies) Getsuga: and cold tower
(16:04 / Allies) IM_BAD_AT_THIS: it's from the undead shop
(16:08 / Allies) Getsuga: how would that help me
(16:11 / Allies) IM_BAD_AT_THIS: it's an item that lets you see invisible units
(16:14 / Allies) Getsuga: he would still have mana
(16:20 / Allies) IM_BAD_AT_THIS: you could see him though
(16:23 / Allies) IM_BAD_AT_THIS: how would that not help?"
(16:25 / Allies) IM_BAD_AT_THIS: and the cold tower
(16:27 / Allies) IM_BAD_AT_THIS: slows him a lot
(16:49 / All) IM_BAD_AT_THIS: yeah we don't really care about greens base he was worthless
(16:54 / All) Getsuga: lol
(16:57 / All) IM_BAD_AT_THIS: didn't even know what dust was rofl
(16:57 / All) Getsuga: your a noob
(17:04 / All) Getsuga: i can own you anytime
(17:08 / All) Getsuga: just name it
(17:09 / Allies) IM_BAD_AT_THIS: lol ok
(17:11 / Allies) IM_BAD_AT_THIS: 1v1 after this?
(17:16 / All) Getsuga: i hardly play this game
(17:21 / Allies) IM_BAD_AT_THIS: nice dodge lol
(17:26 / All) Getsuga: and i havent played it much either
(17:33 / All) Getsuga: so fuck you
(17:34 / All) Getsuga: noob
(17:35 / Allies) IM_BAD_AT_THIS: then don't bitch and whine when i try to help
(17:40 / All) Getsuga: least im not a noob
(17:45 / Allies) IM_BAD_AT_THIS: you're hopeless
(17:45 / All) Getsuga: who stacks the same units
(17:46 / Allies) IM_BAD_AT_THIS: uninstall
(17:48 / Allies) IM_BAD_AT_THIS: this game
(17:54 / All) Getsuga: you're hopeless
(17:58 / All) Getsuga: you uninstall
(18:00 / All) Getsuga: you suck
(18:04 / Allies) IM_BAD_AT_THIS: you're a joke
(18:12 / All) Getsuga: no youra joke
(18:13 / Allies) IM_BAD_AT_THIS: all you've done this game is whine and complain
(18:31 / All) Getsuga: your a queer
(18:37 / All) Getsuga: you could never beat me
(18:38 / Allies) IM_BAD_AT_THIS: lol
(18:41 / All) IM_BAD_AT_THIS: Yeah
(18:43 / All) Adeste_Razz: never built a dam tower
(18:46 / All) Getsuga: i dont suck
(18:47 / All) Getsuga: you suck
(18:50 / All) IM_BAD_AT_THIS: it's kinda funny how bad he is
(18:55 / All) Getsuga: i fucking did build a tower
(18:57 / Allies) Getsuga: dumbasses
(19:04 / All) Getsuga: how the fuck should i know
(19:06 / All) IM_BAD_AT_THIS: oh boy blue
(19:06 / Allies) Getsuga: what dust is
(19:13 / Allies) Getsuga: when i hardly play this game
(19:19 / Allies) Linara: Tanks coming
(19:20 / Allies) Getsuga: no but yall play this everyday
(19:24 / Allies) IM_BAD_AT_THIS: well, i just assumed you knew how to play
(19:25 / Allies) Getsuga: you guys are nerds
(19:26 / Allies) IM_BAD_AT_THIS: obviously i didn't
(19:29 / Allies) IM_BAD_AT_THIS: thin
(19:29 / Allies) Getsuga: you have no lifes
(19:32 / Allies) IM_BAD_AT_THIS: rofl
(19:42 / Allies) Getsuga: making fun of me
(19:46 / Allies) Getsuga: telling me i suck
(19:52 / Allies) Getsuga: you guys are pathetic
(20:32 / All) Adeste_Razz: gg
(20:34 / All) IM_BAD_AT_THIS: gg
(20:41 / All) IM_BAD_AT_THIS: rather amusing 3v4 lol
(20:46 / All) Adeste_Razz: green you can not defend yourself when i killed all of your workers 3 fucking times!
(20:48 / All) Getsuga: you suck
(20:52 / All) IM_BAD_AT_THIS: rofl
(20:54 / All) Adeste_Razz: build a damm tower!@
(20:57 / All) Adeste_Razz: hjahaha
(20:57 / All) Getsuga: id id defend
(20:59 / All) Getsuga: bitch
(21:02 / All) Adeste_Razz: too easy....
(21:03 / All) Getsuga: i did
(21:06 / All) Getsuga: you bitch
(21:09 / All) IM_BAD_AT_THIS: lol
(21:10 / All) Getsuga: I DONT PLAY THIS
(21:15 / All) Getsuga: I HARDLY FUCKING PLAY
(21:17 / All) IM_BAD_AT_THIS: all game he just whined about bm lol
(21:22 / All) Getsuga: I GO ON BUSINESS TRIPS
(21:29 / All) Adeste_Razz: wow
(21:30 / All) Getsuga: I HAVENT PLAYED IN 2 YEARS
(21:31 / All) Adeste_Razz: faggot
(21:34 / All) Getsuga: SO FUCK YOU All
(21:37 / All) IM_BAD_AT_THIS: ROFL
(21:40 / All) Adeste_Razz: later guys
(21:44 / All) Getsuga: GOD YOU HAVE NO LIFES
(21:46 / All) IM_BAD_AT_THIS: you've played like 30-40 games this season
(21:52 / All) IM_BAD_AT_THIS: how have you not played in 2 years??
(22:01 / All) IM_BAD_AT_THIS: you're a lying fool lol
(22:02 / Allies) Getsuga: i barely started to play
(22:06 / Allies) Getsuga: this year
(22:10 / All) IM_BAD_AT_THIS: more than I have apparently.